cohdb
Replays
Latest Replays
All Replays
Popular Replays
Top Player Replays
Match Explorer
How It Works
Community
CoH3 Stats
Reddit
Sign in to upload your games and track your stats! →
Sign in with Steam
Match 40364678
Unlisted
Match 40364678
Overview
Messages
Build Orders
End
Panzergrenadier Squad
Selects Italian Infantry
250 Light Carrier
Panzergrenadier Squad
Panzergrenadier Squad
Construct Light Support Kompanie
Selects Guastatori Squad
Selects L6/40 Light Tank Combat Group
L6/40 Light Tank Combat Group
Guastatori Squad
Fire Support Elements
Pak 38 Anti-tank Gun Team
巴图尔
MRDooM3
rudyrydz
Kylen
runningDuck
Altair9527
0
0
Comments
sign in to comment!
No comments posted yet!